 Dungeon Crawl Stone Soup version 0.27-a0-1177-g245c70e1c0 (webtiles) character file.

Game seed: 16742082072676164800

1691 Glokmah the Slasher (level 8, -3/62 HPs)
             Began as a Demonspawn Gladiator on May 16, 2021.
             Was an Elder of Cheibriados.
             Slain by a rust devil (5 damage)
             ... on level 6 of the Dungeon.
             The game lasted 00:13:06 (4501 turns).

Glokmah the Slasher (Demonspawn Gladiator)          Turns: 4501, Time: 00:13:06

Health: -3/62      AC:  8    Str: 28    XL:     8   Next: 72%
Magic:  0/14       EV: 17    Int: 29    God:    Cheibriados [****..]
Gold:   120        SH:  0    Dex: 25    Spells: 10/15 levels left

rFire    . . .     SeeInvis +   a - +1 falchion (protect)
rCold    . . .     Faith    .   (no shield)
rNeg     + . .     Spirit   +   u - +2 robe {rN+}
rPois    .         Reflect  .   (helmet restricted)
rElec    .         Harm     .   (no cloak)
rCorr    .         Rampage  .   j - +1 pair of gloves
Will     +....                  w - +1 pair of boots {Fly}
Stlth    +.........             z - amulet "Baucw" {Spirit Str+3 Int+8 Stlth-}
HPRegen  0.20/turn              p - ring of willpower
MPRegen  0.14/turn              s - ring of see invisible

@: flying, very slow
A: antennae 1, repulsion field 2, foul stench 2, demonic magic 1
a: Renounce Religion, Bend Time, Temporal Distortion, Slouch


You were on level 6 of the Dungeon.
You worshipped Cheibriados.
Cheibriados was greatly pleased with you.
You visited 1 branch of the dungeon, and saw 6 of its levels.

You collected 250 gold pieces.
You spent 130 gold pieces at shops.

Inventory:

Hand Weapons
 a - a +1 falchion of protection (weapon)
 b - a +1 dagger of venom
Missiles
 d - 3 throwing nets (quivered)
 i - 26 poisoned darts
Armour
 c - a +0 helmet
 j - a +1 pair of gloves (worn)
 u - a +2 robe of positive energy (worn)
 w - a +1 pair of boots of flying (worn)
Jewellery
 o - an amulet of magic regeneration
 p - a ring of willpower (left hand)
 r - an amulet of regeneration
 s - a ring of see invisible (right hand)
 z - the amulet "Baucw" (around neck) {Spirit Str+3 Int+8 Stlth-}
   (You bought it in a shop on level 5 of the Dungeon)

   [amulet of guardian spirit]

   It causes incoming damage to be divided between your reserves of health and
   magic.
   It affects your strength (+3).
   It affects your intelligence (+8).
   It makes you less stealthy.
 A - a ring of protection from cold
Scrolls
 e - 2 scrolls of immolation {unknown}
 f - a scroll of torment {unknown}
 g - a scroll of teleportation {unknown}
 q - a scroll of fear {unknown}
 t - 3 scrolls of enchant weapon {unknown}
 x - a scroll of silence {unknown}
 y - a scroll of vulnerability {unknown}
 B - a scroll of enchant armour {unknown}
 C - a scroll of holy word {unknown}
Potions
 h - a potion of magic {unknown}
 k - a potion of cancellation
 l - 2 potions of flight {unknown}
 m - a potion of mutation {unknown}
 n - 2 potions of heal wounds {unknown}
 v - 2 potions of degeneration {unknown}


   Skills:
 + Level 5.2 Fighting
 * Level 7.1 Long Blades
 - Level 1.7 Throwing
 - Level 2.9 Dodging
 + Level 4.3 Spellcasting
 - Level 4.0 Necromancy
 - Level 2.0 Air Magic


You had 10 spell levels left.
You knew the following spells:

 Your Spells              Type           Power      Damage    Failure   Level
a - Corpse Rot            Necr/Air       N/A        N/A       3%          2
b - Apportation           Tloc           12%        N/A       7%          1
c - Passwall              Tmut/Erth      5%         N/A       10%         2

Your spell library contained the following spells:

 Spells                   Type           Power      Damage    Failure   Level
 Animate Skeleton         Necr           58%        N/A       1%          1
 Corona                   Hex            6%         N/A       7%          1
 Sandblast                Erth           12%        2d6       7%          1
 Summon Small Mammal      Summ           24%        N/A       7%          1
 Stone Arrow              Conj/Erth      12%        3d7       21%         3
 Petrify                  Tmut/Erth      6%         N/A       54%         4
 Lee's Rapid Deconstruct  Erth           3%         3d6*      88%         5
 Blade Hands              Tmut           3%         N/A       100%        6
 Statue Form              Tmut/Erth      4%         N/A       100%        6


Dungeon Overview and Level Annotations

Branches:
Dungeon (6/15)
 Temple: D:4-7

Altars:
Cheibriados
Elyvilon
Gozag
Makhleb
Ru
Uskayaw
Yredelemnul

Shops:
D:3 ?   D:4 *   D:5 **


Innate Abilities, Weirdness & Mutations

You have a pair of small antennae on your head.
You are surrounded by a moderate repulsion field. (EV +3)
You sometimes emit foul miasma when damaged in melee.
Spells you cast may paralyse adjacent enemies.


Message History

You hit the rust devil but do no damage.
The rust devil is lightly wounded.
The rust devil closely misses you. The rust devil misses you.
The rust devil hits you!
* * * LOW HITPOINT WARNING * * *
The rust devil corrodes you!
Things that are here:
a +0 dagger; a kobold skeleton The rust devil barely misses you.
The rust devil hits you!
* * * LOW HITPOINT WARNING * * *
The rust devil corrodes you!
You emit a cloud of foul miasma!
Things that are here:
2 stones; a +0 whip; a +0 short sword
Items here: ( ))))) [ ÷÷ †.
The rust devil completely misses you.
You riposte.
You hit the rust devil but do no damage.
Your weapon exudes an aura of protection.
The rust devil is lightly wounded.
Items here: ( ))) [ ††.
The rust devil misses you. The rust devil misses you.
Found 18 stones.
Okay, then.
The rust devil closely misses you.
Found a ring mail.
The rust devil hits you!
* * * LOW HITPOINT WARNING * * *
The rust devil corrodes you!
You emit a cloud of foul miasma!
The rust devil hits you.
* * * LOW HITPOINT WARNING * * *
The rust devil corrodes you!
You emit a cloud of foul miasma!
There is a stone staircase leading down here.
Okay, then.
It was a potion of cancellation.
Your magical effects are unravelling.
You feel magically purged.
You are no longer corroded.
The rust devil hits you.
You die...

##### ## ....####
##............. ........
............... .....#
#.............. .....###
#.##........... .......#
#.##........... ......<#
#.##...........
......)###)##...........
........([)....4@....#
####...#####..☼......#
#...# #.........# #...#
#.........# #...#
#.........# #...#
#.........# #...#
#.......(.# #....
#.........# #..###
#.........#


You could see a rust devil.

Vanquished Creatures
  Edmund (D:5)
  A water moccasin (D:6)
  An ice beast (D:5)
  A hornet zombie (D:6)
  A necrophage (D:6)
  2 ogres (D:5)
  A centaur (D:5)
  A kobold brigand (D:6)
  A scorpion (D:5)
  A water moccasin zombie (D:5)
  The ghost of Sergey the Firebug, a weakling DEFE of Elyvilon (D:5)
  3 hounds
  A jelly (D:4)
  2 bullfrog skeletons
  A centaur skeleton (D:5)
  2 gnoll shamans
  An orc priest (D:4)
  Jessica (D:3)
  4 iguanas
  2 scorpion zombies (D:5)
  3 orc wizards
  A hound skeleton (D:4)
  4 adders
  A shadow imp (D:4)
  An ufetubus (D:5)
  An adder skeleton (D:4)
  3 worms
  4 dart slugs
  12 orcs
  5 ball pythons
  4 endoplasms
  6 giant cockroaches
  8 goblins
  6 hobgoblins
  2 jackals (D:1)
  5 quokkas
  7 bats
  2 frilled lizards (D:1)
  14 kobolds
  2 rats
120 creatures vanquished.

Notes
Turn   | Place    | Note
-------+----------+-------------------------------------------
     0 | D:1      | Glokmah the Demonspawn Gladiator began the quest for the
                  | Orb.
     0 | D:1      | Reached XP level 1. HP: 16/16 MP: 1/1
     2 | D:1      | Identified the Handbook of Transmigration and Air
   216 | D:1      | Found a faded altar of an unknown god.
   226 | D:1      | Reached skill level 3 in Long Blades
   226 | D:1      | Gained mutation: You are surrounded by a mild repulsion
                  | field. (EV +2) [demonic ancestry]
   226 | D:1      | Reached XP level 2. HP: 17/22 MP: 2/2
   239 | D:1      | Became a worshipper of Cheibriados the Contemplative
   239 | D:1      | Reached * piety under Cheibriados
   457 | D:1      | Learned a level 2 spell: Corpse Rot
   838 | D:2      | Gained mutation: You may rarely emit foul miasma when
                  | damaged in melee. [demonic ancestry]
   838 | D:2      | Reached XP level 3. HP: 24/27 MP: 4/4
   954 | D:2      | Reached ** piety under Cheibriados
  1396 | D:3      | Noticed Jessica
  1444 | D:3      | Reached skill level 1 in Spellcasting
  1499 | D:3      | Found Iludiwk's Magic Scroll Boutique.
  1503 | D:3      | Reached skill level 1 in Necromancy
  1721 | D:3      | Reached XP level 4. HP: 25/34 MP: 5/5
  1957 | D:3      | Learned a level 1 spell: Apportation
  1993 | D:3      | Killed Jessica
  1994 | D:3      | Reached skill level 1 in Air Magic
  1994 | D:3      | Gained mutation: Spells you cast may paralyse adjacent
                  | enemies. [demonic ancestry]
  1994 | D:3      | Reached XP level 5. HP: 39/39 MP: 5/7
  1997 | D:3      | Reached *** piety under Cheibriados
  2484 | D:4      | Reached skill level 4 in Long Blades
  2815 | D:4      | Gained mutation: You sometimes emit foul miasma when
                  | damaged in melee. [demonic ancestry]
  2815 | D:4      | Reached XP level 6. HP: 46/47 MP: 8/8
  2818 | D:4      | Learned a level 2 spell: Passwall
  3050 | D:5      | Entered Level 5 of the Dungeon
  3109 | D:5      | Noticed an ice beast
  3128 | D:5      | Killed an ice beast
  3129 | D:5      | Gained mutation: You are surrounded by a moderate repulsion
                  | field. (EV +3) [demonic ancestry]
  3129 | D:5      | Reached XP level 7. HP: 52/52 MP: 10/10
  3136 | D:5      | Reached **** piety under Cheibriados
  3199 | D:5      | Reached skill level 5 in Long Blades
  3224 | D:5      | Found an opulent altar of Gozag.
  3238 | D:5      | Found a runed translucent door.
  3243 | D:5      | Noticed Sergey's ghost (weakling DEFE)
  3252 | D:5      | Killed Sergey's ghost
  3347 | D:5      | Found Jeajuon's Assorted Antiques.
  3373 | D:5      | Noticed Edmund
  3553 | D:5      | Gained mutation: You have a pair of small antennae on your
                  | head. [demonic ancestry]
  3553 | D:5      | Reached XP level 8. HP: 53/60 MP: 11/13
  3600 | D:5      | Killed Edmund
  3601 | D:5      | Reached skill level 6 in Long Blades
  3713 | D:5      | Found a basalt altar of Yredelemnul.
  3717 | D:5      | Found a sacrificial altar of Ru.
  3717 | D:5      | Found a burning altar of Makhleb.
  3717 | D:5      | Found a hide-covered altar of Uskayaw.
  3759 | D:5      | Found Runtiem's Assorted Antiques.
  3767 | D:5      | Bought a glittering garnet amulet for 130 gold pieces
  3767 | D:5      | Identified the amulet "Baucw" {Spirit Str+3 Int+8 Stlth-}
                  | (You bought it in a shop on level 5 of the Dungeon)
  4287 | D:5      | Noticed a rust devil
  4287 | D:5      | Noticed a rust devil
  4393 | D:6      | Reached skill level 5 in Fighting
  4430 | D:6      | Reached skill level 7 in Long Blades
  4500 | D:6      | HP: 2/62 [rust devil (4)]
  4501 | D:6      | Slain by a rust devil

Illustrated notes

Levels and vault maps discovered:
D:1:      mushboom_english_gardens, layout_rooms,
          ebering_ecumenical_altar_abandoned, serial_bayou_lagoon_a
D:2:      layout_rooms, minivault_24
D:3:      layout_basic, serial_shops, shop, grunt_decor_arrowhead, uniq_jessica
D:4:      minmay_angry_zag, layout_loops_cross, minmay_crossroads
D:5:      cheibrodos_iron_armory, layout_cave_pods, lemuel_crystal_altar,
          grunt_temple_overflow_open, kennysheep_little_box, serial_shops,
          nicolae_shop_statue_plus, shop, ebering_ghost_reflecting_pool,
          st_stairs_10, uniq_edmund
D:6:      minmay_clustersquares, layout_basic, minmay_temple_entry_crystal_x,
          uniq_menkaure

Skill      XL: |  1  2  3  4  5  6  7  8 |
---------------+-------------------------+-----
Long Blades    | 3 4 5 7 |  7.1
Spellcasting   | 1 2 3 4 |  4.3
Necromancy     | 1 2 3 4 |  4.0
Air Magic      | 1 2 |  2.0
Fighting       | 3 4 5 |  5.2
Throwing       | |  1.7
Dodging        | |  2.9

Action                   |  1- 3 |  4- 6 |  7- 9 || total
-------------------------+-------+-------+-------++-------
Melee: Long sword        |    75 |       |       ||    75
       Falchion          |    19 |   160 |   199 ||   378
 Cast: Corpse Rot        |       |     1 |     5 ||     6
Invok: Bend Time         |       |     1 |       ||     1
  Use: Potion            |       |       |     1 ||     1
 Stab: Sleeping          |     1 |     6 |       ||     7
       Paralysed         |       |       |     5 ||     5
Armor: Leather armour    |    32 |    22 |       ||    54
       Robe              |       |    66 |    76 ||   142
Dodge: Dodged            |    68 |   170 |   154 ||   392
       Rpst.: Long sword |    12 |       |       ||    12
       Falchion          |     4 |    37 |    42 ||    83

Table legend: (Time is in decaauts)
 A = Elapsed time spent in this place.
 B = Non-inter-level travel time spent in this place.
 C = Inter-level travel time spent in this place.
 D = Time resting spent in this place.
 E = Time spent auto-exploring this place.
 F = Levels seen in this place.
 G = Mean time per level.
                   A        B        C        D        E       F      G
               +--------+--------+--------+--------+--------+-----+--------+
         Total |   6275 |   5756 |    519 |    153 |   3967 |   6 | 1045.8 |
       Dungeon |   6275 |   5756 |    519 |    153 |   3967 |   6 | 1045.8 |
               +--------+--------+--------+--------+--------+-----+--------+

Top non-repeatable levels by time:
     D:5: 1678 daAuts
     D:4: 1374 daAuts
     D:3: 1046 daAuts
     D:1: 978 daAuts
     D:2: 801 daAuts
     D:6: 396 daAuts
